Map: King's Cove LE

Players

XOURCE

  • Race: Zerg Zerg
  • League: Gold
  • Spawn Location: 5:00

Sirin - Winner!

  • Race: Zerg Zerg
  • League: Gold
  • Spawn Location: 11:00

VOD

Have the link to the VOD?

Description

Time

  • Played on: Feb. 9, 2019, 1:22 p.m.
  • Length: 8:48
Show
View Real Time Build Order
Export as new Build Order

XOURCE Zerg 

Build Orders: Hatch First 

Get SALT Encoding   

  12  0:01  Drone  
  13  0:13  Overlord  
  13  0:18  Drone  
  14  0:31  Drone x2  
  16  0:51  Hatchery  
  16  0:53  Drone  
  16  0:57  Drone  
  16  1:00  Drone  
  18  1:11  Extractor  
  17  1:17  Spawning Pool  
  16  1:20  Drone  
  16  1:23  Drone  
  18  1:29  Drone  
  19  1:39  Overlord  
  19  1:53  Drone  
  20  2:04  Zergling x4  
  20  2:05  Queen  
  20  2:06  Queen  
  26  2:15  Metabolic Boost  
  26  2:17  Drone  
  26  2:20  Drone  
  28  2:28  Spine Crawler  
  27  2:34  Spine Crawler  
  26  2:37  Drone  
  28  2:48  Drone x2  
  28  2:49  Drone  
  31  2:56  Overlord  
  32  2:58  Drone x2  
  33  3:06  Drone  
  34  3:13  Drone x2  
  34  3:19  Drone x4, Baneling Nest  
  39  3:20  Drone x2  
  39  3:26  Overlord  
  41  3:39  Drone  
  41  3:40  Drone x2  
  44  4:06  Extractor  
  44  4:07  Extractor  
  42  4:14  Zergling x6  
  43  4:30  Overlord x3  
  43  4:31  Overlord  
  39  5:06  Queen  
  40  5:21  Queen  
  39  5:30  Hatchery  
  39  5:32  Zergling x2  
  39  5:33  Zergling x22  
  40  5:46  Drone x4  
  39  6:00  Drone x2  
  41  6:11  Drone x3  
  44  6:19  Baneling x4  
  44  6:39  Queen  
  45  6:43  Zergling x18  
  54  6:55  Hatchery  
  53  7:08  Zergling x8  
  57  7:25  Baneling  
  57  7:26  Baneling x7  
  55  8:05  Drone x3  
  58  8:10  Hatchery  
  55  8:30  Zergling x2  
  55  8:31  Zergling x28  
Show
View Real Time Build Order
Export as new Build Order

Sirin Zerg - Winner!

Build Orders: Pool First 

Get SALT Encoding   

  12  0:01  Drone  
  13  0:09  Drone  
  14  0:20  Overlord  
  14  0:24  Extractor  
  14  0:25  Drone  
  15  0:40  Drone  
  15  0:41  Drone  
  17  0:50  Spawning Pool  
  17  0:53  Drone  
  17  1:23  Hatchery  
  16  1:37  Zergling x2  
  16  1:38  Zergling x4  
  19  1:40  Queen  
  21  1:50  Overlord  
  21  2:02  Drone  
  21  2:05  Extractor  
  21  2:16  Drone  
  21  2:18  Queen  
  21  2:22  Drone  
  25  2:46  Queen  
  25  2:50  Drone x5  
  25  2:51  Drone  
  33  2:52  Overlord  
  33  3:12  Queen  
  35  3:17  Drone x4  
  35  3:19  Metabolic Boost  
  39  3:33  Drone x5  
  44  3:38  Overlord  
  44  4:20  Queen  
  46  4:27  Roach Warren  
  46  4:29  Evolution Chamber  
  44  4:31  Zergling x8  
  44  4:32  Zergling x8  
  44  4:35  Overlord x4  
  49  5:13  Drone x3  
  49  5:14  Extractor  
  51  5:15  Drone x2  
  51  5:18  Zerg Ground Armor Level 1  
  51  5:19  Lair  
  53  5:21  Spore Crawler  
  53  5:26  Spine Crawler  
  47  5:55  Zergling x18  
  47  5:56  Zergling x6  
  57  6:08  Spine Crawler  
  56  6:23  Glial Reconstitution  
  56  6:25  Drone x4  
  60  6:32  Hatchery  
  59  6:45  Drone x3  
  59  6:46  Drone x4  
  66  6:51  Drone  
  66  6:52  Spine Crawler  
  66  7:06  Roach x2  
  70  7:09  Spine Crawler  
  70  7:11  Overlord x2  
  69  7:29  Roach x2  
  79  7:30  Roach x6  
  85  7:59  Spine Crawler  
  85  8:01  Roach x7  
  85  8:02  Roach x3  
  104  8:22  Overlord x3  
Tags
 
Add a new tag
Caveats
  • Supply blocks, unpowered buildings, or Contaminate may cause inaccurate times.
  • Supply counts are checked every 10 seconds.